 Dungeon Crawl Stone Soup version 0.32-a0-338-g4f8ebfe289 (webtiles) character file.

Game seed: 9087121731846800875

2233 Gargoyl the Chopper (level 9, 0/55 HPs)
             Began as a Gargoyle Berserker on Feb 17, 2024.
             Was a Priest of Trog.
             Slain by a wight
             ... wielding a +5 spear
              (6 damage)
             ... on level 7 of the Dungeon.
             The game lasted 00:09:27 (5628 turns).

Gargoyl the Chopper (Gargoyle Berserker)            Turns: 5628, Time: 00:09:27

Health: 0/55       AC: 22    Str: 21    XL:     9   Next: 36%
Magic:  18/18      EV:  7    Int:  8    God:    Trog [***...]
Gold:   349        SH:  4    Dex: 13    Spells: 8/8 levels left

rFire   . . .        q - +2 falchion (elec)
rCold   . . .        j - -1 buckler
rNeg    + . .        e - +0 plate armour
rPois   ∞            (helmet restricted)
rElec   +            m - +0 cloak
rCorr   .            (no gloves)
SInv    .            i - +0 pair of boots
Will    +....        (no amulet) Stlth
                     b - ring of magical power
HPRegen 0.29/turn    (no ring)
MPRegen 0.16/turn

%: clarity
@: no status effects
A: sickness immunity, AC +6, negative energy resistance 1, electricity
resistance, torment resistance 1, petrification resistance, horns 1, clarity,
strong-willed 1, MP-powered wands
a: Renounce Religion, Berserk, Trog's Hand


You were on level 7 of the Dungeon.
You worshipped Trog.
Trog was most pleased with you.
You visited 1 branch of the dungeon, and saw 7 of its levels.

You collected 349 gold pieces.

Inventory:

Hand Weapons
 a - a +0 hand axe
 q - a +2 falchion of electrocution (weapon)
 t - a +3 antimagic hand axe
Missiles
 d - 11 poisoned darts (quivered)
Armour
 e - a +0 plate armour (worn)
 i - a +0 pair of boots (worn)
 j - a -1 buckler (worn)
 m - a +0 cloak (worn)
Jewellery
 b - a ring of magical power (left hand)
Wands
 v - a wand of digging (3)
Scrolls
 p - 4 scrolls of teleportation
 s - 2 scrolls of fog
Potions
 c - a potion of mutation
 f - a potion of heal wounds {unknown}
 g - a potion of berserk rage {unknown}
 h - a potion of enlightenment {unknown}
 k - a potion of degeneration {unknown}
 l - a potion of ambrosia {unknown}
 n - a potion of lignification {unknown}
 o - 2 potions of magic {unknown}
 r - a potion of haste {unknown}
 u - 2 potions of curing


   Skills:
 + Level 6.2 Fighting
 + Level 3.3 Long Blades
 + Level 7.0 Axes
 + Level 7.0 Armour
 + Level 2.6 Dodging
 + Level 1.1 Stealth
 + Level 3.6 Shields


You had 8 spell levels left.
You didn't know any spells.
Your spell library was empty.

Dungeon Overview and Level Annotations

Branches:
Dungeon (7/15)             Temple (0/1) D:7

Altars:
Cheibriados
Hepliaklqana

Shops:
D:1 [((**   D:6 :


Innate Abilities, Weirdness & Mutations

You are immune to sickness and miasma.
Your stone body is resilient. (AC +6)
You are immune to poison.
You resist negative energy. (rN+)
You are resistant to electric shocks. (rElec)
You are resistant to unholy torment.
You are immune to petrification.
You have a pair of small horns on your head.
You possess an exceptional clarity of mind.
You are strong-willed. (Will+)
You expend magic power (3 MP) to strengthen your wands.


Message History

Trog accepts your kill. The wight barely misses you.
Your Armour skill increases to level 7!
Unknown command.
You hit the wight. Your headbutt misses the wight.
The wight is moderately damaged.
The wight hits you but does no damage.
You barely miss the wight. You headbutt the wight.
The wight is moderately damaged.
The wight hits you but does no damage.
You barely miss the wight.
The wight is moderately damaged.
You block the wight's attack.
You barely miss the wight.
The wight is moderately damaged.
The wight hits you with a +5 spear.
You barely miss the wight.
The wight is moderately damaged.
You block the wight's attack. The wight barely misses you.
You hit the wight but do no damage. Your headbutt misses the wight.
The wight is moderately damaged.
The wight hits you but does no damage.
You hit the wight but do no damage.
The wight is moderately damaged.
The wight hits you with a +5 spear.
You barely miss the wight.
The wight is moderately damaged.
You block the wight's attack.
You hit the wight but do no damage.
You headbutt the wight, but do no damage.
The wight is moderately damaged.
The wight hits you but does no damage.
You barely miss the wight.
The wight is moderately damaged.
The wight hits you with a +5 spear! x2
* * * LOW HITPOINT WARNING * * *
You hit the wight.
The wight is heavily damaged.
The wight hits you with a +5 spear.
You die...

......#............##
##....##............#
#....###............#
##....####..........#
#....# #.....#.....##
##..## #.....####...####
#..## #.....##........#
.... ....#..#))....$.)#
##.. ... #..@).....>.#
### #.z....##$.:#
#..>.#..#####
###.####....###### .##
#.....#.#........#
....#...#)..##.......###
.......zz))............#.
.......zz).......<.......
.......zg................


You could see a wight.

Vanquished Creatures
  Grinder (D:5)
  Prince Ribbit (D:6)
  Sigmund (D:2)
  Duvessa (D:5)
  A water moccasin (D:6)
  3 ice beasts
  A phantom (D:5)
  2 scorpions (D:6)
  3 wights (D:7)
  Dowan (D:5)
  2 bombardier beetles
  3 orc priests
  2 jellies
  3 hounds
  2 iguanas (D:6)
  3 orc wizards
  7 gnolls
  4 adders
  3 white imps
  2 ufetubi (D:6)
  A dart slug (D:3)
  A ribbon worm (D:2)
  24 orcs
  2 bats
  4 endoplasms
  5 giant cockroaches
  6 goblins
  9 hobgoblins
  11 jackals
  2 quokkas
  8 ball pythons
  3 frilled lizards (D:1)
  9 kobolds
  7 rats
138 creatures vanquished.

Notes
Turn   | Place    | Note
-------+----------+-------------------------------------------
     0 | D:1      | Gargoyl the Gargoyle Berserker began the quest for the Orb.
     0 | D:1      | Reached XP level 1. HP: 14/14 MP: 1/1
    85 | D:1      | Reached XP level 2. HP: 13/19 MP: 2/2
   173 | D:1      | Found Geriett's Weapon Shoppe.
   242 | D:1      | Found a faded altar of an unknown god.
   292 | D:1      | Reached XP level 3. HP: 20/24 MP: 3/3
   393 | D:1      | Found Ilaodwig's General Store.
   472 | D:1      | Found Paliy's Antique Armour Boutique.
   535 | D:1      | Found Direstant's Weapon Shoppe.
   604 | D:1      | Reached ** piety under Trog
   639 | D:1      | Found Orghunoat's General Store.
   916 | D:2      | Reached XP level 4. HP: 26/29 MP: 4/4
  1201 | D:2      | Noticed Sigmund
  1212 | D:2      | Killed Sigmund
  1213 | D:2      | Reached XP level 5. HP: 23/33 MP: 5/5
  1213 | D:2      | Reached XP level 6. HP: 27/38 MP: 6/6
  1785 | D:3      | Gained mutation: You possess an exceptional clarity of
                  | mind. [potion of mutation]
  1785 | D:3      | Gained mutation: You have a pair of small horns on your
                  | head. [potion of mutation]
  1785 | D:3      | Gained mutation: You expend magic power (3 MP) to
                  | strengthen your wands. [potion of mutation]
  1785 | D:3      | Gained mutation: You are strong-willed. (Will+) [potion of
                  | mutation]
  2506 | D:3      | Reached skill level 1 in Shields
  2539 | D:3      | Found a snail-covered altar of Cheibriados.
  2724 | D:4      | Reached skill level 5 in Axes
  2847 | D:4      | Reached XP level 7. HP: 44/44 MP: 5/7
  2848 | D:4      | Reached *** piety under Trog
  3042 | D:4      | Found a hazy altar of Hepliaklqana.
  3210 | D:5      | Entered Level 5 of the Dungeon
  3908 | D:5      | Noticed Duvessa
  3908 | D:5      | Noticed Dowan
  3913 | D:5      | Killed Dowan
  3914 | D:5      | Reached skill level 5 in Fighting
  3914 | D:5      | Reached XP level 8. HP: 49/49 MP: 8/8
  3919 | D:5      | Killed Duvessa
  4207 | D:5      | Noticed Grinder
  4218 | D:5      | Killed Grinder
  4219 | D:5      | Reached skill level 5 in Armour
  4274 | D:6      | Found Geurummogeu's Tiny Tomes.
  4309 | D:6      | Reached skill level 1 in Long Blades
  4687 | D:6      | Noticed Prince Ribbit
  4699 | D:6      | Killed Prince Ribbit
  4700 | D:6      | Reached skill level 1 in Stealth
  4700 | D:6      | Reached XP level 9. HP: 34/55 MP: 9/9
  5601 | D:7      | Found a staircase to the Ecumenical Temple.
  5628 | D:7      | Slain by a wight

Illustrated notes

Levels and vault maps discovered:
D:1:      shiori_arrival_maze, layout_basic, serial_shops,
          nicolae_shop_scrapyard, nicolae_lakefront_shop, shop, shop, shop,
          shapermc_ecumenical_altar_mp_vishouse
D:2:      layout_loops_ring, nrook_uturn, uniq_sigmund
D:3:      minmay_skewed_foursquare, layout_basic,
          mainiacjoe_overflow_cross_hatched, kennysheep_doodads,
          kennysheep_generic_room_6
D:4:      layout_rooms, mainiacjoe_overflow_boulevard
D:5:      layout_gridville, serial_bayou, serial_bayou_lake_a,
          serial_bayou_crossing, serial_bayou_lagoon_a, serial_bayou_pond_e,
          uniq_duvessa, uniq_grinder
D:6:      layout_layer_cave, ebering_dispersal_statue_hall,
          nicolae_shop_i_like_small_books_too, bh_walls_and_bars,
          uniq_prince_ribbit1
D:7:      layout_cave_pools, minmay_temple_entry_offerings, enter_bailey_2

Skill      XL: |  1  2  3  4  5  6  7  8  9 |
---------------+----------------------------+-----
Axes           | 3 4 5 6 7 |  7.0
Fighting       | 4 5 6 |  6.2
Dodging        | 2 |  2.6
Armour         | 3 4 6 7 |  7.0
Shields        | 1 3 |  3.6
Long Blades    | 2 3 |  3.3
Stealth        | 1 |  1.1

Action                     |  1- 3 |  4- 6 |  7- 9 || total
---------------------------+-------+-------+-------++-------
  Melee: Hand axe          |    71 |   156 |    64 ||   291
         Headbutt          |       |    22 |    48 ||    70
         Falchion          |       |       |   161 ||   161
 Invoke: Berserk           |     2 |     3 |     6 ||    11
         Trog's Hand       |       |     1 |     5 ||     6
    Use: Scroll            |     6 |     8 |     1 ||    15
         Potion            |       |     2 |       ||     2
 Armour: Animal skin       |    18 |       |       ||    18
         Ring mail         |    23 |    82 |       ||   105
         Plate armour      |       |    35 |   316 ||   351
  Dodge: Dodged            |    58 |    67 |    90 ||   215
  Block: Buckler           |     2 |    25 |    44 ||    71

Table legend: (Time is in decaauts)
 A = Elapsed time spent in this place.
 B = Non-inter-level travel time spent in this place.
 C = Inter-level travel time spent in this place.
 D = Time resting spent in this place.
 E = Time spent auto-exploring this place.
 F = Levels seen in this place.
 G = Mean time per level.
                   A        B        C        D        E       F      G
               +--------+--------+--------+--------+--------+-----+--------+
         Total |   5814 |   5574 |    240 |     77 |   4120 |   7 |  830.6 |
       Dungeon |   5814 |   5574 |    240 |     77 |   4120 |   7 |  830.6 |
               +--------+--------+--------+--------+--------+-----+--------+

Top non-repeatable levels by time:
     D:6: 1287 daAuts
     D:5: 1125 daAuts
     D:2: 983 daAuts
     D:3: 954 daAuts
     D:1: 833 daAuts
     D:4: 514 daAuts
     D:7: 116 daAuts
